 Dungeon Crawl Stone Soup version 0.31-a0-1084-gb392501acf (webtiles) character file.

Game seed: 11168504558305159064

60 CrazyBamboolord the Ruffian (level 3, -1/43 HPs)
             Began as a Draconian Shapeshifter on Nov 28, 2023.
             Slain by a jackal (2 damage)
             ... on level 2 of the Dungeon.
             The game lasted 00:02:02 (1159 turns).

CrazyBamboolord the Ruffian (DrSh)                  Turns: 1159, Time: 00:02:03

Health: -1/43      AC: 21    Str: 15 (18) XL:     3   Next: 82%
Magic:  3/3        EV:  2    Int:  9 (10) God:
Gold:   25         SH:  0    Dex:  9 (10) Spells: 2/2 levels left

rFire   . .          .
                       - Unarmed
rCold   . . .        (no shield)
rNeg    . . .        (body armour unavailable)
rPois   +            (helmet currently unavailable)
rElec   .            (cloak currently unavailable)
rCorr   .            m - melded +0 pair of gloves
SInv    .            (boots currently unavailable)
Will    .....        (no amulet)
Stlth   +            i - ring of poison resistance
HPRegen 0.27/turn    (no ring)
MPRegen 0.08/turn

%: no passive effects
@: tree-form
A: stationary, stasis, torment immunity, boosted hp, AC +5, unfitting armour,
(cold-blooded), (claws 1)
a: no special abilities


You were on level 2 of the Dungeon.
You were a tree.
You visited 1 branch of the dungeon, and saw 2 of its levels.

You collected 53 gold pieces.
You spent 28 gold pieces at shops.

Inventory:

Armour
 m - a +0 pair of gloves (melded)
Jewellery
 i - a ring of poison resistance (left branch)
Talismans
 b - a beast talisman (active)
 c - a flux talisman
Scrolls
 d - 2 scrolls of identify {unknown}
 e - a scroll of amnesia {unknown}
 f - a scroll of fog {unknown}
 j - a scroll of enchant weapon {unknown}
 l - a scroll of blinking {unknown}
Potions
 k - a potion of berserk rage {unknown}


   Skills:
 + Level 2.2 Fighting
 + Level 2.4 Dodging
 + Level 3.5 Unarmed Combat
 + Level 3.4 Shapeshifting


You had 2 spell levels left.
You didn't know any spells.
Your spell library was empty.

Dungeon Overview and Level Annotations

Branches:
Dungeon (2/15)

Altars:
Xom

Shops:
D:1 :   D:2 *

Annotations:
D:2 Terence


Innate Abilities, Weirdness & Mutations

You are a tree.
Your roots penetrate the ground, keeping you stationary.
You cannot be teleported.
You are immune to unholy pain and torment.
Your maximum health is greatly increased.
Your equipment is partially melded.
((Your plain brown scales are hard. (AC +5)))
You cannot fit into any form of body armour.
((You are cold-blooded and may be slowed by cold attacks.))
((You have sharp fingernails.))


Message History

Your +0 pair of gloves unmelds from your body.
You turn into a tree.
Your +0 pair of gloves melds into your body.
Your roots penetrate the ground.
Terence hits you but does no damage. The jackal barely misses you.
Unknown command.
You closely miss Terence.
The jackal bites you but does no damage.
Terence hits you but does no damage.
The dart slug bites you but does no damage.
Unknown command.
You hit Terence.
Terence is lightly wounded.
The jackal bites you but does no damage.
Terence hits you with a +0 trident.
* * * LOW HITPOINT WARNING * * *
Unknown command.
You hit Terence.
Terence is moderately wounded.
The jackal bites you but does no damage.
The dart slug launches a dart at you.
The slug dart hits you but does no damage.
The jackal bites you but does no damage.
Terence hits you with a +0 trident.
* * * LOW HITPOINT WARNING * * *
You hit Terence.
Terence is severely wounded.
The jackal completely misses you. Terence hits you with a +0 trident.
* * * LOW HITPOINT WARNING * * *
Unknown command.
It was a potion of degeneration.
There was something very wrong with that liquid.
You feel weakened.
You feel dopey.
You feel clumsy.
The jackal bites you but does no damage.
The dart slug bites you but does no damage.
Terence hits you but does no damage.
It was a potion of mutation.
You feel extremely strange.
Your fingernails lengthen.
The jackal bites you.
You die...

.... . #..# .#
#..###.# #..#...##
# #.......#. ##.
#.........
.#...##.........#
................#
#...##♣h....... #
#@w.......
#.........
#.##....#. #†#
#)#.# # #.###.#.#.#
# ######.........#
#
####.......†...#.##
#
~~~.~.~.#####....#
#


You could see Terence, a dart slug and a jackal.

Vanquished Creatures
  A worm (D:2)
  4 dart slugs
  4 ball pythons
  8 bats
  2 endoplasms (D:2)
  2 goblins (D:1)
  3 hobgoblins
  5 jackals
  5 kobolds
  5 quokkas
  2 frilled lizards
  4 rats (D:1)
45 creatures vanquished.

Notes
Turn   | Place    | Note
-------+----------+-------------------------------------------
     0 | D:1      | CrazyBamboolord the Draconian Shapeshifter began the quest
                  | for the Orb.
     0 | D:1      | Reached XP level 1. HP: 16/16 MP: 1/1
   104 | D:1      | Reached XP level 2. HP: 23/23 MP: 2/2
   174 | D:1      | Found Fosal's Vocational Training.
   273 | D:1      | Reached XP level 3. HP: 29/29 MP: 3/3
   740 | D:2      | Found Inewofif's Assorted Antiques.
   758 | D:2      | Bought a scroll labelled GAOCICWAMMA for 28 gold pieces
   998 | D:2      | Found a shimmering altar of Xom.
  1053 | D:2      | Found a faded altar of an unknown god.
  1130 | D:2      | Noticed Terence
  1157 | D:2      | HP: 1/43 [Terence/+0 trident (6)]
  1159 | D:2      | Gained mutation: You have sharp fingernails. [potion of
                  | mutation]
  1159 | D:2      | Slain by a jackal

Illustrated notes

Levels and vault maps discovered:
D:1:      moated_graveyard_arrival, layout_basic, nicolae_shop_vocational
D:2:      layout_loops_ring, basic_altar, hellmonk_ecumenical_altar_zigzags,
          serial_shops, nicolae_shop_overgrown_old_shop, st_stairs_8,
          hangedman_glass_teeth, chequers_serial_rivers_marsh, uniq_jessica,
          uniq_terence

Skill      XL: |  1  2  3 |
---------------+----------+-----
Dodging        | 2 |  2.4
Fighting       | 2 |  2.2
Unarmed Combat | |  3.5
Shapeshifting  | |  3.4

Action                     || total
---------------------------++-------
  Melee: Unarmed           ||   110
         Tailslap          ||     9
         Punch             ||     2
Ability: Begin Untransform ||     1
    Use: Potion            ||     3
   Stab: Sleeping          ||     3
 Armour: Skin              ||    77
  Dodge: Dodged            ||    86
   Form: Beast             ||     1

Table legend: (Time is in decaauts)
 A = Elapsed time spent in this place.
 B = Non-inter-level travel time spent in this place.
 C = Inter-level travel time spent in this place.
 D = Time resting spent in this place.
 E = Time spent auto-exploring this place.
 F = Levels seen in this place.
 G = Mean time per level.
                   A        B        C        D        E       F      G
               +--------+--------+--------+--------+--------+-----+--------+
         Total |   1152 |   1121 |     31 |      0 |    804 |   2 |  576.0 |
       Dungeon |   1152 |   1121 |     31 |      0 |    804 |   2 |  576.0 |
               +--------+--------+--------+--------+--------+-----+--------+

Top non-repeatable levels by time:
     D:1: 721 daAuts
     D:2: 430 daAuts
